 Dungeon Crawl Stone Soup version 0.29.1-1-gd02db6906a (webtiles) character file.

Game seed: 9873309719310944697

42282 Icepheonix32 the Summoner (level 14, -7/84 HPs)
             Began as a Merfolk Summoner on Oct 10, 2022.
             Was a High Priest of Hepliaklqana.
             Mangled by a caustic shrike simulacrum (23 damage)
             ... in an ice cave on Oct 11, 2022.
             The game lasted 01:09:46 (15506 turns).

Icepheonix32 the Summoner (Merfolk Summoner)       Turns: 15506, Time: 01:09:47

Health: -7/84      AC: 11    Str: 12    XL:     14   Next: 19%
Magic:  8/29       EV: 22    Int: 27    God:    Hepliaklqana [*****.]
Gold:   1543       SH:  0    Dex: 20    Spells: 3/35 levels left

rFire   + . .      SeeInvis .   g - +3 rapier "Tooc" {vamp, Str+4 Int+7}
rCold   + . .      Faith    .   (no shield)
rNeg    . . .      Spirit   .   C - +2 robe {rC+ rF+}
rPois   .          Reflect  .   d - +2 hat
rElec   .          Harm     .   o - +1 cloak {Stlth+}
rCorr   .          Rampage  .   X - +0 pair of gloves
Will    +....      Rage     3%  l - +0 pair of boots
Stlth   ++++......              y - amulet of regeneration
HPRegen 1.04/turn               c - +6 ring of dexterity
MPRegen 0.21/turn               L - +4 ring of evasion

@: no status effects
A: reduced essence, (nimble swimmer 2), mertail, berserk 1
a: Renounce Religion, Recall Ancestor, Ancestor Identity, Transference, Idealise


You were in an ice cave.
You worshipped Hepliaklqana.
Hepliaklqana was extremely pleased with you.
You visited 3 branches of the dungeon, and saw 17 of its levels.
You also visited: Sewer, Bailey and Ice Cave.

You collected 2257 gold pieces.
You spent 714 gold pieces at shops.

Inventory:

Hand Weapons
 g - the +3 rapier "Tooc" (weapon) {vamp, Str+4 Int+7}
   (You found it on level 4 of the Dungeon)

   It occasionally heals its wielder for a portion of the damage dealt when it
   wounds a living foe.
   Str:       It affects your strength (+4).
   Int:       It affects your intelligence (+7).
 x - a +3 trident of protection
 z - a +3 scythe of freezing
 F - the +6 sling of Fury {freeze, *Slow rPois rF+}
   (You found it in a bailey)

   Any ammunition fired from it freezes those it strikes, dealing additional
   cold damage.
   It can also slow down cold-blooded creatures.
   rF:        It protects you from fire.
   rPois:     It protects you from poison.
   *Slow:     It may slow you when you take damage.
 H - a +1 trident of distortion
 O - the +7 staff of the Meek {protect, meekguard}
   (You took it off a kobold on level 11 of the Dungeon)

   It grants its wielder temporary protection when it strikes (+7 to AC).
   It provides extra protection to wielders with little health.
Missiles
 j - 3 throwing nets
 s - 9 boomerangs
 P - a curare-tipped dart
Armour
 d - a +2 hat (worn)
 h - the +1 robe of Tantiat {rF+++ Int-2 SInv Archmagi}
   (You found it on level 9 of the Dungeon)

   Int:       It affects your intelligence (-2).
   rF:        It renders you almost immune to fire.
   SInv:      It lets you see invisible.
   Archmagi:  It increases the power of your magical spells.
 l - a +0 pair of boots (worn)
 m - a +3 ring mail
 o - a +1 cloak of stealth (worn)
 u - a +0 buckler of cold resistance
 w - a +2 kite shield
 C - a +2 robe of resistance (worn)
 I - a +3 leather armour of poison resistance
 X - a +0 pair of gloves (worn)
Magical Staves
 i - a staff of earth
Jewellery
 c - a +6 ring of dexterity (left hand)
 y - an amulet of regeneration (around neck)
 L - a +4 ring of evasion (right hand)
 Z - a ring of see invisible
Wands
 a - a wand of mindburst (5)
 D - a wand of charming (1)
 K - a wand of flame (12)
 M - a wand of polymorph (9)
 V - a wand of quicksilver (4)
Scrolls
 e - 2 scrolls of poison
 f - 4 scrolls of teleportation
 r - 2 scrolls of vulnerability
 t - 4 scrolls of butterflies
 v - a scroll of magic mapping
 B - 3 scrolls of brand weapon
 G - a scroll of fear
 J - 2 scrolls of immolation
 N - a scroll of summoning
 R - 3 scrolls of identify
 T - a scroll of blinking
Potions
 b - 2 potions of magic
 k - 2 potions of ambrosia
 n - 4 potions of flight
 p - 2 potions of invisibility
 q - 3 potions of brilliance
 E - 2 potions of heal wounds
 Q - a potion of berserk rage
 S - a potion of cancellation
 U - 2 potions of resistance
 Y - a potion of curing
Miscellaneous
 A - a condenser vane
 W - a phantom mirror


   Skills:
 + Level 3.8 Fighting
 + Level 7.0 Short Blades
 + Level 0.2 Throwing
 + Level 6.4 Armour
 * Level 9.4 Dodging
 + Level 5.1 Stealth
 + Level 11.3 Spellcasting
 + Level 0.3 Conjurations
 * Level 6.4 Hexes
 * Level 14.5 Summonings
 + Level 2.0 Translocations
 + Level 0.3 Fire Magic
 + Level 0.1 Air Magic
 * Level 3.9 Invocations
 * Level 2.4 Evocations


You had 3 spell levels left.
You knew the following spells:

 Your Spells              Type           Power      Damage    Failure   Level
a - Summon Small Mammal   Summ           100%       N/A       0%          1
b - Call Imp              Summ           76%        N/A       0%          2
c - Call Canine Familiar  Summ           76%        N/A       1%          3
d - Summon Guardian Gole  Hex/Summ       64%        N/A       1%          3
e - Foxfire               Conj/Fire      68%        2x1d7     3%          1
f - Summon Lightning Spi  Summ/Air       53%        N/A       1%          4
g - Tukima's Dance        Hex            50%        N/A       1%          3
h - Inner Flame           Hex/Fire       33%        N/A       2%          3
i - Summon Forest         Summ/Tloc      28%        N/A       3%          5
j - Summon Hydra          Summ           38%        N/A       9%          7

Your spell library contained the following spells:

 Spells                   Type           Power      Damage    Failure   Level
 Portal Projectile        Hex/Tloc       76%        N/A       1%          3
 Dazzling Flash           Conj/Hex       66%        N/A       2%          3
 Beastly Appendage        Tmut           30%        N/A       3%          1
 Magic Dart               Conj           68%        1d6       3%          1
 Necrotise                Necr           60%        1d7       3%          1
 Sting                    Tmut/Pois      60%        1d6       3%          1
 Poisonous Vapours        Pois/Air       30%        N/A       5%          2
 Wereblood                Tmut           15%        N/A       5%          2
 Conjure Flame            Conj/Fire      17%        6-21      10%         3
 Ozocubu's Armour         Ice            15%        N/A       11%         3
 Spider Form              Tmut/Pois      15%        N/A       11%         3
 Stone Arrow              Conj/Erth      32%        3d9       11%         3
 Vampiric Draining        Necr           15%        2d7       11%         3
 Leda's Liquefaction      Hex/Erth       16%        N/A       10%         4
 Passage of Golubria      Tloc           26%        N/A       16%         4
 Silence                  Hex/Air        16%        N/A       26%         5
 Metabolic Englaciation   Hex/Ice        16%        N/A       28%         5
 Flame Wave               Conj/Fire      17%        2d7       32%         4
 Olgreb's Toxic Radiance  Pois           15%        N/A       36%         4
 Agony                    Necr           15%        N/A       71%         5
 Blade Hands              Tmut           7%         N/A       71%         5
 Spellforged Servitor     Conj/Summ      26%        N/A       83%         7
 Eringya's Noxious Bog    Tmut/Pois      7%         N/A       99%         6
 Simulacrum               Ice/Necr       7%         N/A       99%         6
 Orb of Destruction       Conj           8%         9d6       100%        7
 Ozocubu's Refrigeration  Ice            7%         4d9       100%        7
 Ignition                 Fire           8%         3d5       100%        8
 Lehudib's Crystal Spear  Conj/Erth      8%         10d3      100%        8


Dungeon Overview and Level Annotations

Branches:
Dungeon (15/15)            Temple (1/1) D:7            Lair (0/5) D:8
    Orc (1/2) D:11         Vaults (0/5) D:13         Depths (0/4) D:15
  Sewer (visited)          Bailey (visited)           IceCv (1/1)

Altars:
Ashenzari
Cheibriados
Elyvilon
Fedhas
Gozag
Hepliaklqana
Kikubaaqudgha
Makhleb
Nemelex Xobeh
Okawaru
Qazlal
Ru
Sif Muna
Trog
Uskayaw
Vehumet
Wu Jian
Xom
Yredelemnul
The Shining One

Shops:
D:10 :

Annotations:
D:5 2 transporters, Menkaure
D:9 exclusion: obsidian statue
Orc:1 Fannar


Innate Abilities, Weirdness & Mutations

Your life essence is reduced to manifest your ancestor. (-10% HP)
((You are very nimble when in or above water. (Stealth+, EV+, Speed+++)))
Your lower body shifts to a powerful aquatic tail in water.
You sometimes lose your temper in combat.


Message History

Illuratum completely misses the caustic shrike simulacrum.
Your guardian golem overheats!
Illuratum is no longer moving slowly.
The caustic shrike simulacrum barely misses Illuratum.
The caustic shrike simulacrum claws Illuratum!!
Illuratum is destroyed!
Flame seeps out of your guardian golem.
Your guardian golem is engulfed in blazing flames.
Flame seeps out of your guardian golem.
Your guardian golem is engulfed in blazing flames.
Flame seeps out of your guardian golem.
You miss the caustic shrike simulacrum.
The caustic shrike simulacrum is moderately damaged.
The caustic shrike simulacrum barely misses you.
The caustic shrike simulacrum claws you.
The caustic shrike simulacrum freezes you!
You resist.
You hit the caustic shrike simulacrum.
The caustic shrike simulacrum is heavily damaged.
The caustic shrike simulacrum claws you but does no damage.
Unknown command.
You barely miss the caustic shrike simulacrum.
The caustic shrike simulacrum is heavily damaged.
The caustic shrike simulacrum claws you but does no damage.
The caustic shrike simulacrum claws you!
The caustic shrike simulacrum freezes you!
You resist.
Unknown command.
You hit the caustic shrike simulacrum.
The caustic shrike simulacrum is heavily damaged.
The caustic shrike simulacrum claws you.
The caustic shrike simulacrum freezes you!!
You resist.
Unknown command.
The caustic shrike simulacrum attacks as you move away!
The caustic shrike simulacrum claws you!
* * * LOW HITPOINT WARNING * * *
The caustic shrike simulacrum freezes you!!
You resist.
You die...

#..○.## .☼..# ##.○#
##..†# ###...## .....
###...### .....
###...### #... ###....##
## #.. ##.@Z9### #.##
#..## ##...### #...#
#..#####..########..#
##.°##.##.†###.....#
##......###.5......##
##...♣~~..##........8###
#...##♣☼≈≈♣#☼........(.#
#...##.§.☼§§○........[[#
##...♣#§°☼#☼#.......####


You could see a caustic shrike simulacrum (ally target) and a friendly guardian
golem (summoned, inner flame).

Vanquished Creatures
  A spriggan simulacrum (IceCv)
  Joseph (D:8)
  A kobold demonologist (D:11)
  A yaktaur (D:13)
  An unseen horror (D:10)
  2 hornets (D:9)
  2 trolls
  3 wyverns
  A water elemental (D:15)
  A yak (D:8)
  A basilisk (D:13)
  A steam dragon (D:9)
  2 harpy simulacra (IceCv)
  3 vampire mosquitoes
  A water moccasin (D:7)
  2 black bears
  An ice beast (D:6)
  3 orc warriors (Bailey)
  An ogre (Orc:1)
  An alligator simulacrum (IceCv)
  A centaur (D:8)
  A lemure (D:9)
  4 phantoms
  4 bullfrogs
  A scorpion (D:8)
  A killer bee (D:8)
  7 electric eels
  A howler monkey (D:6)
  4 hounds
  A jelly (D:7)
  5 orc priests
  Natasha (D:2)
  4 iguanas
  An orc wizard (D:11)
  A gnoll (D:8)
  5 adders
  A river rat (Sewer)
  2 shadow imps (D:8)
  A dart slug (D:3)
  9 orcs
  A bat (D:1)
  5 endoplasms
  A giant cockroach (D:1)
  4 goblins
  8 hobgoblins
  2 quokkas
  5 ball pythons
  5 frilled lizards
  12 kobolds
  9 rats
137 creatures vanquished.

Vanquished Creatures (collateral kills)
  An ironbound preserver (D:13)
  3 hydras
  Erolcha (D:10)
  Harold (D:10)
  3 boulder beetles
  2 centaur warriors (D:13)
  3 two-headed ogres
  2 orc high priests (Bailey)
  A spriggan simulacrum (IceCv)
  Pikel (D:9)
  2 bog bodies (IceCv)
  A deep elf pyromancer (D:14)
  A manticore (D:13)
  6 cyclopes
  6 ugly things
  2 unseen horrors
  An efreet (D:13)
  2 freezing wraiths (IceCv)
  2 golden dragon simulacra (IceCv)
  6 trolls
  Sigmund (D:5)
  2 wraiths
  2 vampires
  2 dire elephant simulacra (IceCv)
  A basilisk (D:13)
  9 yaks
  3 wyverns
  12 vampire mosquitoes
  A water moccasin (D:8)
  An ice beast (D:8)
  An alligator simulacrum (IceCv)
  8 orc warriors
  2 ettin simulacra (IceCv)
  2 black bears
  4 ogres
  A wolf (D:8)
  5 centaurs
  4 kobold brigands
  4 bullfrogs
  A deep troll simulacrum (IceCv)
  2 scorpions
  5 wights
  12 killer bees
  A lindwurm simulacrum (IceCv)
  6 howler monkeys
  2 hounds
  A gnoll bouda (D:8)
  5 orc priests
  Crazy Yiuf (D:2)
  3 jellies
  Natasha (twice) (D:2)
  Jessica (D:2)
  7 orc wizards
  An iguana (D:7)
  5 adders
  7 gnolls
  2 white imps (D:6)
  3 worms
  26 orcs
  A bat (D:1)
  An endoplasm (D:3)
  A giant cockroach (D:2)
  10 goblins
  5 hobgoblins
  17 kobolds
  3 ball pythons
  3 frilled lizards
  2 rats
248 creatures vanquished.

Vanquished Creatures (others)
  Gastronok (D:9)
  A two-headed ogre (D:11)
  Amaemon (D:9)
  A spriggan simulacrum (IceCv)
  A bog body (IceCv)
  A necromancer (IceCv)
  An ugly thing (D:12)
  A gargoyle (D:6)
  An orange demon (D:9)
  3 freezing wraiths (IceCv)
  2 ice devils (IceCv)
  2 anaconda simulacra (IceCv)
  Prince Ribbit (D:9)
  A dancing weapon (D:13)
  A wyvern (D:9)
  An orc warrior (D:11)
  A black bear (D:8)
  A phantom (D:6)
  A wight (D:7)
  A howler monkey (D:13)
  2 orc priests (D:7)
  A gnoll bouda (D:8)
  An orc wizard (D:11)
  An ancestor (D:9)
  13 battlemagi
  3 gnolls (D:8)
  An orc (D:11)
  3 goblins (D:9)
  A kobold (D:11)
  2 demonic plants (D:1)
  44 foxfires
  6 fungi
  10 plants
  3 snaplasher vines
  3 withered plants (D:14)
118 creatures vanquished.

Grand Total: 503 creatures vanquished

Notes
Turn   | Place    | Note
-------+----------+-------------------------------------------
     0 | D:1      | Icepheonix32 the Merfolk Summoner began the quest for the
                  | Orb.
     0 | D:1      | Reached XP level 1. HP: 13/13 MP: 3/3
   156 | D:1      | Found a faded altar of an unknown god.
   259 | D:1      | Reached XP level 2. HP: 13/19 MP: 3/5
   926 | D:2      | Learned a level 2 spell: Call Imp
  1356 | D:2      | Noticed Jessica
  1360 | D:2      | Killed Jessica
  1361 | D:2      | Reached skill level 5 in Summonings
  1361 | D:2      | Reached XP level 3. HP: 13/24 MP: 3/6
  1368 | D:2      | Learned a level 3 spell: Call Canine Familiar
  1871 | D:2      | Found a runed translucent door.
  1872 | D:2      | Noticed Crazy Yiuf
  1891 | D:2      | Noticed Natasha
  1904 | D:2      | Killed Natasha
  1905 | D:2      | Reached XP level 4. HP: 12/30 MP: 2/7
  2427 | D:2      | Noticed Natasha
  2435 | D:2      | Killed Natasha
  2598 | D:2      | Noticed Natasha
  2609 | D:2      | Killed Natasha
  2610 | D:2      | Reached skill level 6 in Summonings
  2610 | D:2      | Reached XP level 5. HP: 35/35 MP: 5/8
  2723 | D:2      | Killed Crazy Yiuf
  3268 | D:3      | Found an ornate altar of the Wu Jian Council.
  3335 | D:3      | Noticed an ogre
  3346 | D:3      | Killed an ogre
  3347 | D:3      | Reached skill level 7 in Summonings
  3347 | D:3      | Reached XP level 6. HP: 41/41 MP: 1/9
  3803 | D:4      | Identified the +3 rapier "Tooc" {vamp, Str+4 Int+7}
  3816 | D:4      | Learned a level 3 spell: Summon Guardian Golem
  3936 | D:4      | Found a bloodstained altar of Trog.
  3980 | D:4      | Reached skill level 1 in Armour
  3980 | D:4      | Reached XP level 7. HP: 29/46 MP: 6/10
  4093 | D:4      | Found an iron altar of Okawaru.
  4550 | D:4      | Learned a level 1 spell: Foxfire
  4566 | D:5      | Entered Level 5 of the Dungeon
  4566 | D:5      | Noticed Sigmund
  4692 | D:5      | Found a glowing golden altar of the Shining One.
  4740 | D:5      | Reached skill level 8 in Summonings
  4807 | D:5      | Found a basalt altar of Yredelemnul.
  4809 | D:5      | Noticed a wraith
  4810 | D:5      | Noticed Menkaure
  4812 | D:5      | Found an ancient bone altar of Kikubaaqudgha.
  4819 | D:5      | Noticed a wraith
  4840 | D:5      | Found a transporter.
  4908 | D:5      | Found a transporter.
  5124 | D:5      | Reached skill level 9 in Summonings
  5124 | D:5      | Reached XP level 8. HP: 52/52 MP: 4/11
  5125 | D:5      | Found a broken altar of Ashenzari.
  5125 | D:5      | Found a sacrificial altar of Ru.
  5125 | D:5      | Found a blossoming altar of Fedhas.
  5125 | D:5      | Found a stormy altar of Qazlal.
  5141 | D:5      | Killed Sigmund
  5424 | D:6      | Found a glowing drain.
  5435 | Sewer    | Entered a sewer
  6185 | D:6      | Reached skill level 10 in Summonings
  6915 | D:7      | Reached XP level 9. HP: 57/57 MP: 7/12
  7147 | D:7      | Reached skill level 11 in Summonings
  7263 | D:7      | Found a staircase to the Ecumenical Temple.
  7278 | Temple   | Entered the Ecumenical Temple
  7352 | Temple   | Became a worshipper of Hepliaklqana the Forgotten
  7390 | D:7      | Reached skill level 1 in Short Blades
  7566 | D:6      | Noticed a gargoyle
  7679 | D:6      | Killed a gargoyle
  7680 | D:6      | Reached skill level 1 in Fighting
  7680 | D:6      | Reached XP level 10. HP: 63/65 MP: 5/14
  7750 | D:6      | Learned a level 4 spell: Summon Lightning Spire
  7973 | D:7      | Found an opulent altar of Gozag.
  8009 | D:7      | Reached skill level 5 in Armour
  8099 | D:7      | Gained mutation: You passively map a small area around you.
                  | [potion of mutation]
  8102 | D:7      | Lost mutation: You passively map a small area around you.
                  | [potion of mutation]
  8102 | D:7      | Gained mutation: You sometimes lose your temper in combat.
                  | [potion of mutation]
  8125 | D:8      | Noticed Joseph
  8134 | D:8      | Killed Joseph
  8135 | D:8      | Reached skill level 1 in Hexes
  8174 | D:8      | Found a hide-covered altar of Uskayaw.
  8174 | D:8      | Noticed a +0 dagger
  8174 | D:8      | Noticed a +0 hand axe
  8178 | D:8      | Identified a scroll of acquirement
  8178 | D:8      | Acquired 659 gold pieces
  8238 | D:8      | Reached skill level 12 in Summonings
  8340 | D:8      | Found a staircase to the Lair.
  8611 | D:8      | Reached * piety under Hepliaklqana
  8725 | D:8      | Reached skill level 5 in Short Blades
  8882 | D:8      | Reached XP level 11. HP: 57/64 MP: 17/17
  9173 | D:9      | Noticed Gastronok
  9213 | D:9      | Killed Gastronok
  9267 | D:9      | Noticed Prince Ribbit
  9272 | D:9      | Noticed Amaemon
  9289 | D:9      | Killed Amaemon
  9292 | D:9      | Killed Prince Ribbit
  9327 | D:9      | Identified the +1 robe of Tantiat {rF+++ Int-2 SInv
                  | Archmagi}
  9364 | D:9      | Noticed an obsidian statue
  9379 | D:9      | Noticed Pikel
  9390 | D:9      | Killed Pikel
  9391 | D:9      | Reached skill level 5 in Dodging
  9456 | D:9      | Found a flagged portal.
  9464 | D:9      | Reached ** piety under Hepliaklqana
  9502 | Bailey   | Entered a bailey
  9533 | Bailey   | Learned a level 3 spell: Tukima's Dance
  9617 | Bailey   | Noticed an orc high priest
  9629 | Bailey   | Killed an orc high priest
  9716 | Bailey   | Reached skill level 5 in Spellcasting
  9812 | Bailey   | Reached skill level 1 in Invocations
  9924 | Bailey   | Acquired 673 gold pieces
  9992 | Bailey   | Found an iron altar of Okawaru.
  9992 | Bailey   | Noticed an orc high priest
  9997 | Bailey   | Noticed a soul eater
 10008 | Bailey   | Killed an orc high priest
 10009 | Bailey   | Reached skill level 5 in Hexes
 10009 | Bailey   | Reached skill level 1 in Evocations
 10039 | Bailey   | Identified the +6 sling of Fury {freeze, *Slow rPois rF+}
 10103 | Bailey   | Got Vehumet's Monograph on the Impact
 10113 | Bailey   | Learned a level 3 spell: Inner Flame
 10114 | Bailey   | Remembered your ancestor Illuratum as a battlemage
 10535 | D:9      | Found a snail-covered altar of Cheibriados.
 10598 | D:9      | Noticed a sun demon
 10693 | D:10     | Entered Level 10 of the Dungeon
 10706 | D:10     | Found Gonof's Book Shop.
 10708 | D:10     | Noticed a two-headed ogre
 10715 | D:10     | Killed a two-headed ogre
 10716 | D:10     | Reached XP level 12. HP: 21/72 MP: 15/19
 10786 | D:10     | Bought a Fen Folio for 714 gold pieces
 10881 | D:10     | Noticed Harold
 10892 | D:10     | Killed Harold
 11032 | D:10     | Noticed Erolcha
 11048 | D:10     | Killed Erolcha
 11275 | D:10     | Found a burning altar of Makhleb.
 11399 | D:10     | Learned a level 5 spell: Summon Forest
 11620 | D:11     | Reached *** piety under Hepliaklqana
 11663 | D:11     | Noticed a two-headed ogre
 11675 | D:11     | Killed a two-headed ogre
 11864 | D:11     | Found a staircase to the Orcish Mines.
 11971 | D:11     | Found a shimmering altar of Xom.
 11999 | D:11     | Reached skill level 1 in Translocations
 12314 | Orc:1    | Entered Level 1 of the Orcish Mines
 12316 | Orc:1    | Noticed Fannar
 12373 | D:12     | Noticed a boulder beetle
 12417 | D:12     | Killed a boulder beetle
 12482 | D:12     | Noticed a boulder beetle
 12489 | D:12     | Killed a boulder beetle
 12540 | D:12     | Reached skill level 10 in Spellcasting
 12644 | D:12     | Reached XP level 13. HP: 78/78 MP: 23/27
 12756 | D:12     | Learned a level 7 spell: Summon Hydra
 12994 | D:12     | Reached skill level 13 in Summonings
 13175 | D:13     | Noticed an ironbound preserver
 13185 | D:13     | Killed an ironbound preserver
 13266 | D:13     | Reached **** piety under Hepliaklqana
 13449 | D:13     | Found a gate to the Vaults.
 14044 | D:14     | Found an ancient bone altar of Kikubaaqudgha.
 14692 | D:14     | Reached ***** piety under Hepliaklqana
 15068 | D:15     | Entered Level 15 of the Dungeon
 15108 | D:15     | Reached skill level 5 in Stealth
 15116 | D:15     | Found a frozen archway.
 15136 | IceCv    | Entered an ice cave
 15163 | IceCv    | Reached skill level 14 in Summonings
 15189 | IceCv    | Reached XP level 14. HP: 72/84 MP: 10/29
 15506 | IceCv    | Mangled by a caustic shrike simulacrum

Illustrated notes

Levels and vault maps discovered:
D:1:      lemuel_arrival_hallway, layout_basic, shapermc_ecumenical_altar_gd
D:2:      layout_loops_corners, uniq_jessica, uniq_natasha,
          uniq_crazy_yiuf_cottage
D:3:      layout_basic, mainiacjoe_overflow_alcove_4
D:4:      layout_layer_cave, mainiacjoe_overflow_alcove_1,
          okawaru_ov_weapons_minmay
D:5:      layout_basic, mainiacjoe_overflow_six_doors_small,
          grunt_temple_overflow_cloverleaf, gammafunk_temple_of_torment,
          abandoned_shop, uniq_sigmund
D:6:      minmay_clustersquares, layout_gridville, portal_sewer_entry_a,
          kennysheep_nub, minmay_misc_feat_tower
D:7:      layout_basic, nicolae_gozag_seed_capital, minmay_temple_entry_tees
D:8:      layout_gridville, dancing_weapons_uskayaw, minmay_lair_entry_grove,
          uniq_joseph
D:9:      layout_big_octagon, chei_slow_surprise, enter_bailey_5,
          minmay_statue_bubble, uniq_pikel, uniq_amaemon, uniq_prince_ribbit1,
          uniq_gastronok
D:10:     layout_roguey, bloody_makhleb, minmay_shop_grid_forest, uniq_harold,
          uniq_erolcha
D:11:     layout_basic, david_orc_2, xom_teletrap_fun
D:12:     layout_basic, interstate_on_off
D:13:     layout_long_grid, skrybe_vaults_entry_preservation
D:14:     layout_grid_maze, kiku_gazebo_garden_becter
D:15:     hangedman_depths_entry_try_elsewhere_first, layout_basic,
          portal_ice_cave_entry_pillars_four, small_statue_intersection,
          fake_guardian_serpent_vault, uniq_agnes
Temple:   nicolae_temple_superstar
Orc:1:    layout_caves, basic_altar, nicolae_shop_overcharged_wands, uniq_erica,
          uniq_fannar
IceCv:    ice_cave_small_necro

Skill      XL: |  1  2  3  4  5  6  7  8  9 10 11 12 13 |
---------------+----------------------------------------+-----
Summonings     | 5 6 7 9 10 11 12 14 | 14.5
Dodging        | 3 4 5 7 9 |  9.4
Armour         | 1 2 3 4 5 6 |  6.4
Short Blades   | 3 5 6 7 |  7.0
Stealth        | 3 4 5 |  5.1
Fighting       | 1 2 3 |  3.8
Spellcasting   | 3 4 5 10 11 | 11.3
Hexes          | 3 5 6 |  6.4
Invocations    | 2 3 |  3.9
Evocations     | 1 2 |  2.4
Translocations | 1 2 |  2.0
Throwing       | |  0.2
Conjurations   | |  0.3
Fire Magic     | |  0.3
Air Magic      | |  0.1

Action                   |  1- 3 |  4- 6 |  7- 9 | 10-12 | 13-15 || total
-------------------------+-------+-------+-------+-------+-------++-------
Melee: Short sword       |    30 |       |       |       |       ||    30
       Unarmed           |     4 |       |       |       |       ||     4
       Spear             |    48 |    56 |       |       |       ||   104
       Punch             |     1 |       |     1 |     3 |     1 ||     6
       Rapier            |       |    15 |   204 |   318 |    50 ||   587
       Tailslap          |       |       |     2 |       |     1 ||     3
Throw: Boomerang         |       |       |       |     3 |       ||     3
 Cast: Summon Small Mamm |    12 |     1 |       |       |       ||    13
       Call Imp          |     9 |     9 |    12 |     4 |     2 ||    36
       Call Canine Famil |     2 |     9 |    24 |    38 |    20 ||    93
       Summon Guardian G |       |       |     7 |    25 |    17 ||    49
       Foxfire           |       |       |     1 |    18 |     6 ||    25
       Summon Lightning  |       |       |       |     7 |     2 ||     9
       Tukima's Dance    |       |       |       |     7 |     3 ||    10
       Summon Forest     |       |       |       |     3 |     9 ||    12
       Inner Flame       |       |       |       |     1 |     3 ||     4
       Summon Hydra      |       |       |       |       |     7 ||     7
Invok: Recall Ancestor   |       |       |       |     2 |     3 ||     5
       Ancestor Life: Ba |       |       |       |     1 |       ||     1
Evoke: Wand              |       |       |       |     3 |     1 ||     4
  Use: Scroll            |     3 |     3 |     6 |    15 |     3 ||    30
       Potion            |       |     1 |     1 |    11 |     1 ||    14
 Stab: Sleeping          |     4 |     4 |     9 |    13 |       ||    30
       Distracted        |       |     2 |     4 |     8 |     1 ||    15
Armor: Robe              |     8 |       |       |    49 |    15 ||    72
       Ring mail         |       |    12 |   119 |   127 |       ||   258
Dodge: Dodged            |    43 |    18 |   139 |   319 |    63 ||   582
